[Event "CZE-ch Youth G10-G12-G14 2022"]
[Site "Luhacovice"]
[Date "2022.03.14"]
[Round "3.33"]
[White "Filipova, Vanesa"]
[Black "Reznickova, Sibyla"]
[Result "1/2-1/2"]
[ECO "D01"]
[WhiteElo "1146"]
[BlackElo "1304"]
[Annotator "NA"]
[PlyCount "112"]
[EventDate "2022.03.12"]
[EventType "swiss"]
[EventCountry "CZE"]
[SourceTitle "playchess.com"]
[Source "ChessBase"]
[SourceQuality "1"]
[TimeControl "40/5400+30:1800+30"]

1. d4 d5 2. Nc3 Nf6 3. Bg5 Bf5 4. e3 e6 5. Bd3 Bg6 6. Nf3 Nc6 7. Ne5 a6 8. Qe2 Bd6 9. Nxc6 bxc6 10. Bxa6 Qb8 11. Rb1 Bb4 12. O-O Bh5 13. Qd3 Qb6 14. a3 Bxc3 15. bxc3 Qa5 16. Bb7 Rb8 17. Bxc6+ Ke7 18. a4 Bg6 19. e4 Bxe4 20. Qg3 Bxc2 21. Bxf6+ gxf6 22. Rxb8 Rxb8 23. Rc1 Bg6 24. h3 Qb6 25. Bb5 c6 26. Bxc6 Qb2 27. Re1 Rc8 28. Bxd5 Rxc3 29. Qg4 Rc1 30. Rxc1 Qxc1+ 31. Kh2 exd5 32. Qe2+ Kd6 33. Qa6+ Qc6 34. Qxc6+ Kxc6 35. g4 Bc2 36. a5 Kb5 37. Kg3 f5 38. gxf5 Bxf5 39. h4 Kxa5 40. Kf4 Be6 41. h5 h6 42. Ke5 Kb4 43. f4 Kc4 44. Kf6 Kxd4 45. Kg7 Ke4 46. Kxh6 d4 47. Kg7 d3 48. h6 Bf5 49. Kxf7 d2 50. h7 Bxh7 51. f5 Bxf5 52. Kf6 d1=Q 53. Kf7 Qd7+ 54. Kf8 Bg6 55. Kg8 Qf7+ 56. Kh8 Qh7# 1/2-1/2

[Event "CZE-ch Youth G10-G12-G14 2022"]
[Site "Luhacovice"]
[Date "2022.03.14"]
[Round "3.37"]
[White "Brezikova, Beata"]
[Black "Foldynova Julie"]
[Result "1-0"]
[ECO "C20"]
[WhiteElo "1266"]
[BlackElo "1000"]
[Annotator "NA"]
[PlyCount "87"]
[EventDate "2022.03.12"]
[EventType "swiss"]
[EventCountry "CZE"]
[SourceTitle "playchess.com"]
[Source "ChessBase"]
[SourceQuality "1"]
[TimeControl "40/5400+30:1800+30"]

1. e4 e5 2. c3 Nf6 3. d4 Nxe4 4. Bd3 d5 5. dxe5 Nc6 6. Nf3 Bc5 7. O-O O-O 8. Qe2 Bf5 9. Bf4 Re8 10. Nbd2 f6 11. Nxe4 dxe4 12. Bxe4 Bxe4 13. Qxe4 fxe5 14. Nxe5 Nxe5 15. Bxe5 Bd6 16. Qd5+ Kf8 17. Bxd6+ Qxd6 18. Qxb7 Reb8 19. Qf3+ Qf6 20. Qxf6+ gxf6 21. b3 Re8 22. f3 h5 23. Rfe1 a5 24. Rad1 Rxe1+ 25. Rxe1 Re8 26. Rxe8+ Kxe8 27. Kf2 Kf7 28. a4 c5 29. Ke3 Ke6 30. Ke4 f5+ 31. Kf4 Kd5 32. Kxf5 c4 33. bxc4+ Kxc4 34. Kg5 Kxc3 35. f4 Kb3 36. f5 Kxa4 37. f6 Kb3 38. f7 a4 39. f8=Q a3 40. Qf3+ Kb2 41. Qxh5 a2 42. Qe2+ Ka3 43. Qxa2+ Kxa2 44. h4 1-0

[Event "CZE-ch Youth G10-G12-G14 2022"]
[Site "Luhacovice"]
[Date "2022.03.14"]
[Round "3.38"]
[White "Archlebova, Stela"]
[Black "Dominikova, Denisa"]
[Result "1/2-1/2"]
[ECO "C47"]
[WhiteElo "1121"]
[BlackElo "1254"]
[Annotator "NA"]
[PlyCount "60"]
[EventDate "2022.03.12"]
[EventType "swiss"]
[EventCountry "CZE"]
[SourceTitle "playchess.com"]
[Source "ChessBase"]
[SourceQuality "1"]
[TimeControl "40/5400+30:1800+30"]

1. e4 e5 2. Nf3 Nc6 3. Nc3 Nf6 4. d4 exd4 5. Nxd4 Bb4 6. Bg5 h6 7. Bh4 Qe7 8. Qd3 Nxd4 9. Qxd4 Qxe4+ 10. Qxe4+ Nxe4 11. O-O-O Nxc3 12. Re1+ Kf8 13. bxc3 Bxc3 14. Re3 Bf6 15. Bxf6 gxf6 16. Rf3 d5 17. Rxf6 Ke7 18. Rf4 Be6 19. Bd3 c5 20. Re1 Kd6 21. Bf5 Rae8 22. Bxe6 fxe6 23. Rf7 Re7 24. Rf6 h5 25. f4 Kd7 26. Rg6 b5 27. Rg5 a5 28. Rge5 Rhh7 29. Kb2 h4 30. c3 Rhg7 1/2-1/2

[Event "CZE-ch Youth G10-G12-G14 2022"]
[Site "Luhacovice"]
[Date "2022.03.14"]
[Round "3.39"]
[White "Vacekova Anita"]
[Black "Lackova, Ludmila"]
[Result "1-0"]
[ECO "C42"]
[WhiteElo "1000"]
[BlackElo "1167"]
[Annotator "NA"]
[PlyCount "112"]
[EventDate "2022.03.12"]
[EventType "swiss"]
[EventCountry "CZE"]
[SourceTitle "playchess.com"]
[Source "ChessBase"]
[SourceQuality "1"]
[TimeControl "40/5400+30:1800+30"]

1. e4 e5 2. Nf3 Nf6 3. Nxe5 d6 4. Nf3 Nxe4 5. d4 d5 6. Bd3 Bf5 7. O-O Be7 8. Re1 O-O 9. Nbd2 Nxd2 10. Bxf5 Nc4 11. Qd3 g6 12. Bh3 Bf6 13. b3 Nd6 14. Bh6 Re8 15. Rxe8+ Nxe8 16. Re1 Nc6 17. c3 Bg7 18. Bxg7 Nxg7 19. g3 a6 20. Ne5 Qe8 21. Qd2 Nxe5 22. Rxe5 Qd8 23. c4 dxc4 24. bxc4 b6 25. Rd5 Qf6 26. Rd7 Ne8 27. Qf4 Qxf4 28. gxf4 Rb8 29. Bg2 f5 30. Bd5+ Kh8 31. Bf7 Nd6 32. Bd5 Rc8 33. c5 bxc5 34. dxc5 Ne8 35. Bb7 Rb8 36. Bxa6 Ra8 37. Bc4 Ra4 38. Bb5 Ra8 39. a4 Rb8 40. Rf7 Kg8 41. Bxe8 Rxe8 42. Rxc7 Ra8 43. c6 Rxa4 44. Rd7 Rc4 45. c7 Rc1+ 46. Kg2 Rxc7 47. Rxc7 Kh8 48. Kh3 Kg8 49. Kh4 h6 50. Kg3 Kh8 51. Kf3 Kg8 52. Ke3 Kh8 53. Kd4 h5 54. Ke5 h4 55. Kf6 h3 56. Kxg6 Kg8 1-0

[Event "CZE-ch Youth G10-G12-G14 2022"]
[Site "Luhacovice"]
[Date "2022.03.14"]
[Round "3.40"]
[White "Koval, Anna"]
[Black "Janouskova, Adela"]
[Result "0-1"]
[ECO "A04"]
[WhiteElo "1278"]
[BlackElo "1585"]
[Annotator "NA"]
[PlyCount "80"]
[EventDate "2022.03.12"]
[EventType "swiss"]
[EventCountry "CZE"]
[SourceTitle "playchess.com"]
[Source "ChessBase"]
[SourceQuality "1"]
[TimeControl "40/5400+30:1800+30"]

1. e4 c5 2. Nc3 Nc6 3. d3 g6 4. g3 Bg7 5. Bg2 d6 6. Nf3 e6 7. O-O Nge7 8. Re1 O-O 9. Be3 Nd4 10. Qd2 Nec6 11. Bh6 Nxf3+ 12. Bxf3 Nd4 13. Bg2 Bxh6 14. Qxh6 Nxc2 15. e5 d5 16. h4 Nxa1 17. Rxa1 f6 18. h5 gxh5 19. Be4 dxe4 20. Nxe4 fxe5 21. Ng5 Qe7 22. Kg2 Qg7 23. Qxh5 Qg6 24. Qh4 h6 25. Ne4 Bd7 26. Nxc5 Bc6+ 27. Kg1 b6 28. Ne4 Bxe4 29. dxe4 Qg5 30. Qh3 Rf6 31. Rc1 Qxc1+ 32. Kg2 Raf8 33. Qg4+ Qg5 34. Qe2 Rxf2+ 35. Qxf2 Rxf2+ 36. Kxf2 Qd2+ 37. Kf3 Qxb2 38. Kg4 Qxa2 39. Kh5 Kh7 40. g4 Qh2# 0-1

[Event "CZE-ch Youth G10-G12-G14 2022"]
[Site "Luhacovice"]
[Date "2022.03.14"]
[Round "3.42"]
[White "Dufkova, Tereza"]
[Black "Zilava Lucie"]
[Result "1/2-1/2"]
[ECO "C55"]
[WhiteElo "1014"]
[BlackElo "1059"]
[Annotator "NA"]
[PlyCount "86"]
[EventDate "2022.03.12"]
[EventType "swiss"]
[EventCountry "CZE"]
[SourceTitle "playchess.com"]
[Source "ChessBase"]
[SourceQuality "1"]
[TimeControl "40/5400+30:1800+30"]

1. e4 e5 2. Bc4 Nf6 3. Nf3 Nc6 4. Nc3 Nxe4 5. Nxe4 d5 6. Bd3 dxe4 7. Bxe4 Bg4 8. h3 Bh5 9. g4 Bg6 10. Bxg6 hxg6 11. d3 Bc5 12. Be3 Bxe3 13. fxe3 Qd6 14. Qd2 O-O-O 15. O-O-O Rhe8 16. e4 f6 17. g5 f5 18. Qc3 Qb4 19. Qxb4 Nxb4 20. Kb1 Nc6 21. exf5 gxf5 22. h4 Rd6 23. h5 Red8 24. h6 g6 25. h7 Rh8 26. c3 Rd7 27. Rh6 e4 28. Nd4 Nxd4 29. cxd4 e3 30. Re1 Re7 31. Rxg6 Rhxh7 32. Rg8+ Kd7 33. g6 Rh2 34. Rf8 Rg2 35. Rxf5 Rxg6 36. Re5 Rg3 37. Rxe7+ Kxe7 38. Kc2 Kd6 39. Kc3 Kd5 40. b4 b5 41. Rh1 e2 42. Kd2 Rg2 43. Rh5+ Kxd4 1/2-1/2

[Event "CZE-ch Youth G10-G12-G14 2022"]
[Site "Luhacovice"]
[Date "2022.03.14"]
[Round "3.43"]
[White "Urvalkova Ema"]
[Black "Lipovska Viktorie"]
[Result "0-1"]
[ECO "C57"]
[WhiteElo "1000"]
[BlackElo "1189"]
[Annotator "NA"]
[PlyCount "88"]
[EventDate "2022.03.12"]
[EventType "swiss"]
[EventCountry "CZE"]
[SourceTitle "playchess.com"]
[Source "ChessBase"]
[SourceQuality "1"]
[TimeControl "40/5400+30:1800+30"]

1. e4 e5 2. Nf3 Nc6 3. Bc4 Nf6 4. Ng5 d5 5. exd5 Nxd5 6. Nxf7 Kxf7 7. Qf3+ Ke6 8. Nc3 Ncb4 9. Qe4 c6 10. d4 Qf6 11. f4 Qf5 12. dxe5 Qxe4+ 13. Nxe4 Nxc2+ 14. Kd1 Nxa1 15. Ng5+ Ke7 16. h3 Nb4 17. Bd2 a5 18. Ke2 b5 19. Bd3 Nxd3 20. Rxa1 Bf5 21. Be3 h6 22. g4 hxg5 23. gxf5 Nxb2 24. fxg5 Rxh3 25. Bc5+ Kf7 26. Bd4 Rh2+ 27. Kf3 Ba3 28. g6+ Ke7 29. f6+ gxf6 30. exf6+ Kd6 31. Bxb2 Bxb2 32. Rd1+ Ke6 33. f7 Kf6 34. Rd6+ Kg7 35. Rxc6 Rh6 36. Rc2 Rxg6 37. Rxb2 Rf8 38. Rxb5 Rxf7+ 39. Ke4 a4 40. a3 Rg3 41. Ra5 Rxa3 42. Rg5+ Kh6 43. Re5 Rf2 44. Re6+ Rf6 0-1

[Event "CZE-ch Youth G10-G12-G14 2022"]
[Site "Luhacovice"]
[Date "2022.03.14"]
[Round "4.1"]
[White "Romanko Diana"]
[Black "Vancakova, Veronika"]
[Result "0-1"]
[ECO "C55"]
[WhiteElo "1000"]
[BlackElo "1300"]
[Annotator "NA"]
[PlyCount "110"]
[EventDate "2022.03.12"]
[EventType "swiss"]
[EventCountry "CZE"]
[SourceTitle "playchess.com"]
[Source "ChessBase"]
[SourceQuality "1"]
[TimeControl "40/5400+30:1800+30"]

1. e4 e5 2. Nf3 Nf6 3. Nc3 Nc6 4. Bc4 Nxe4 5. Bxf7+ Kxf7 6. Nxe4 d5 7. Nc3 e4 8. Ng1 Be6 9. d3 exd3 10. cxd3 Be7 11. Nf3 h6 12. O-O Re8 13. Re1 Bf6 14. h3 Qd7 15. Bf4 a6 16. Be5 Rad8 17. d4 Ne7 18. Qd3 Bf5 19. Qe3 Ng6 20. Rac1 Bxe5 21. dxe5 d4 22. Qd2 dxc3 23. Qxc3 c6 24. Qb3+ Be6 25. Qa4 Kg8 26. Rcd1 Qf7 27. b3 Bd5 28. Qg4 Bxf3 29. gxf3 Rxd1 30. Rxd1 Nxe5 31. Qb4 Nxf3+ 32. Kg2 Ne5 33. Qc3 Qg6+ 34. Kf1 Qf6 35. Qg3 Rf8 36. Rd2 Qf4 37. Qxf4 Rxf4 38. Rd8+ Rf8 39. Rd2 Kf7 40. Re2 Kf6 41. f4 Ng6 42. Rf2 Kf5 43. Kg2 Rd8 44. Kg3 Rd3+ 45. Kg2 Nxf4+ 46. Kg1 Rd1+ 47. Kh2 Re1 48. h4 Re2 49. Rxe2 Nxe2 50. Kg2 Nc1 51. Kf2 Nxa2 52. Ke2 g5 53. hxg5 Kxg5 54. Kf2 c5 55. Kg3 b5 0-1

[Event "CZE-ch Youth G10-G12-G14 2022"]
[Site "Luhacovice"]
[Date "2022.03.14"]
[Round "4.2"]
[White "Lickova, Anna"]
[Black "Janouskova, Eliska"]
[Result "0-1"]
[ECO "B40"]
[WhiteElo "1016"]
[BlackElo "1167"]
[Annotator "NA"]
[PlyCount "96"]
[EventDate "2022.03.12"]
[EventType "swiss"]
[EventCountry "CZE"]
[SourceTitle "playchess.com"]
[Source "ChessBase"]
[SourceQuality "1"]
[TimeControl "40/5400+30:1800+30"]

1. e4 c5 2. Nf3 e6 3. d4 cxd4 4. Nxd4 Nf6 5. Nc3 Bb4 6. Bd3 O-O 7. Bd2 Be7 8. Qe2 Nc6 9. Nf3 a6 10. h3 b5 11. a3 Qc7 12. g4 h6 13. g5 hxg5 14. Bxg5 Nh7 15. h4 d6 16. Rg1 Nxg5 17. hxg5 Bb7 18. Rh1 g6 19. Qf1 Kg7 20. Rh4 Ne5 21. Nxe5 dxe5 22. Qh3 Rh8 23. O-O-O Bxg5+ 24. Kb1 Bxh4 25. f3 Bf2 26. Qg2 Bd4 27. Ne2 b4 28. a4 b3 29. cxb3 Rac8 30. Nxd4 exd4 31. Bc4 Qe5 32. Qf2 Rcd8 33. Ka1 d3 34. Bxd3 Rh2 35. Qxh2 Qxh2 36. Ka2 Qd6 37. Ka1 Qxd3 38. Rxd3 Rxd3 39. b4 Rxf3 40. b5 Re3 41. b6 Bxe4 42. a5 Bd5 43. Kb1 Re2 44. Kc1 f5 45. Kb1 f4 46. Kc1 f3 47. Kb1 f2 48. Ka1 f1=Q# 0-1

[Event "CZE-ch Youth G10-G12-G14 2022"]
[Site "Luhacovice"]
[Date "2022.03.14"]
[Round "4.3"]
[White "Vanickova Natalie"]
[Black "Kusova, Nikola"]
[Result "0-1"]
[ECO "C42"]
[WhiteElo "1000"]
[BlackElo "1227"]
[Annotator "NA"]
[PlyCount "126"]
[EventDate "2022.03.12"]
[EventType "swiss"]
[EventCountry "CZE"]
[SourceTitle "playchess.com"]
[Source "ChessBase"]
[SourceQuality "1"]
[TimeControl "40/5400+30:1800+30"]

1. e4 e5 2. Nf3 Nf6 3. Nxe5 d6 4. Nxf7 Kxf7 5. d4 Be7 6. Bc4+ Ke8 7. Nc3 Nxe4 8. Qh5+ g6 9. Qf3 Nf6 10. O-O Nc6 11. Be3 Bf5 12. d5 Ne5 13. Qf4 Nxc4 14. Qxc4 Qd7 15. b4 c6 16. a4 Ng4 17. Bf4 Bf6 18. Rae1+ Kd8 19. b5 Bxc3 20. Qxc3 Re8 21. Qa5+ b6 22. Qc3 Ne5 23. bxc6 Qc7 24. Bg5+ Kc8 25. Re2 Bg4 26. Re3 Rf8 27. Bh6 Rf5 28. f3 Bxf3 29. gxf3 Nf7 30. Bg7 Rxd5 31. Rfe1 Nd8 32. Qc4 Qxc6 33. Qg4+ Qd7 34. Rc3+ Rc5 35. Rxc5+ dxc5 36. Qe4 Nc6 37. Bf6 Kc7 38. Qf4+ Qd6 39. Be5 Nxe5 40. Rxe5 Qd4+ 41. Qe3 Qxe3+ 42. Rxe3 Rd8 43. Re7+ Rd7 44. Re3 Rd1+ 45. Kf2 Rd2+ 46. Kg3 Rxc2 47. Re7+ Kb8 48. Rxh7 Rd2 49. h4 c4 50. Rh8+ Kb7 51. Rg8 c3 52. Rg7+ Ka6 53. Rc7 c2 54. Kg4 b5 55. axb5+ Kxb5 56. Kg5 Rd5+ 57. Kxg6 Rc5 58. Rb7+ Ka6 59. Rb2 c1=Q 60. Ra2+ Ra5 61. Re2 Qb1+ 62. Kg7 Qf5 63. Rg2 Qxf3 0-1

[Event "CZE-ch Youth G10-G12-G14 2022"]
[Site "Luhacovice"]
[Date "2022.03.14"]
[Round "4.4"]
[White "Lackova, Lucie"]
[Black "Mazurkova Viktorie"]
[Result "1-0"]
[ECO "C44"]
[WhiteElo "1142"]
[BlackElo "1000"]
[Annotator "NA"]
[PlyCount "49"]
[EventDate "2022.03.12"]
[EventType "swiss"]
[EventCountry "CZE"]
[SourceTitle "playchess.com"]
[Source "ChessBase"]
[SourceQuality "1"]
[TimeControl "40/5400+30:1800+30"]

1. e4 e5 2. Nf3 Nc6 3. d4 f6 4. Bb5 a6 5. Bc4 Nh6 6. O-O d6 7. Nc3 Bg4 8. d5 Nd4 9. Be2 c5 10. Nxd4 exd4 11. Bxg4 Nxg4 12. Qxg4 dxc3 13. bxc3 Qc8 14. Qe2 f5 15. exf5+ Be7 16. Bg5 Qd7 17. Rfe1 O-O 18. Qxe7 Qe8 19. Qxd6 Qc8 20. f6 g6 21. Re7 Qf5 22. Rg7+ Kh8 23. Rxh7+ Kg8 24. Qe7 Qxg5 25. Qg7# 1-0

[Event "CZE-ch Youth G10-G12-G14 2022"]
[Site "Luhacovice"]
[Date "2022.03.14"]
[Round "4.5"]
[White "Hujova Tess"]
[Black "Koutna Simona"]
[Result "1-0"]
[ECO "A29"]
[WhiteElo "1000"]
[BlackElo "1000"]
[Annotator "NA"]
[PlyCount "74"]
[EventDate "2022.03.12"]
[EventType "swiss"]
[EventCountry "CZE"]
[SourceTitle "playchess.com"]
[Source "ChessBase"]
[SourceQuality "1"]
[TimeControl "40/5400+30:1800+30"]

1. c4 e5 2. Nc3 Nf6 3. g3 d5 4. cxd5 Nxd5 5. Bg2 Nb6 6. d3 Be7 7. Be3 O-O 8. Nf3 Nc6 9. O-O Be6 10. Rc1 Nd5 11. a3 Nxe3 12. fxe3 Qd7 13. d4 exd4 14. exd4 Bh3 15. d5 Bxg2 16. Kxg2 Na5 17. b4 Nc4 18. Qd4 Nxa3 19. Ne5 Qd6 20. Rf4 f6 21. Nd3 c6 22. dxc6 Qxd4 23. Rxd4 bxc6 24. Rd7 Rfe8 25. Rc7 Nb5 26. Rxc6 Nd4 27. Rc7 Bd6 28. Rd7 Nxe2 29. Nxe2 Rxe2+ 30. Kf3 Re6 31. Rc6 a5 32. bxa5 Rxa5 33. Rcxd6 Rxd6 34. Rxd6 Ra3 35. Ke4 Ra4+ 36. Kf5 Ra5+ 37. Ke6 Ra2 1-0

[Event "CZE-ch Youth G10-G12-G14 2022"]
[Site "Luhacovice"]
[Date "2022.03.14"]
[Round "4.6"]
[White "Rudova Jana"]
[Black "Stepankova Linda"]
[Result "0-1"]
[ECO "B13"]
[WhiteElo "1000"]
[BlackElo "1000"]
[Annotator "NA"]
[PlyCount "62"]
[EventDate "2022.03.12"]
[EventType "swiss"]
[EventCountry "CZE"]
[SourceTitle "playchess.com"]
[Source "ChessBase"]
[SourceQuality "1"]
[TimeControl "40/5400+30:1800+30"]

1. e4 c6 2. d4 d5 3. exd5 cxd5 4. Nf3 Bg4 5. Nc3 Nf6 6. Bd3 Nc6 7. O-O Nxd4 8. Be2 Nxe2+ 9. Qxe2 e6 10. Bg5 Bd6 11. Nxd5 Bxh2+ 12. Kxh2 Qxd5 13. Bxf6 gxf6 14. Rad1 Qh5+ 15. Kg1 Ke7 16. Qd2 Bxf3 17. Qd7+ Kf8 18. Qd6+ Kg7 19. Qg3+ Kh6 20. Qf4+ Kg6 21. Qg3+ Kf5 22. Qxf3+ Qxf3 23. gxf3 Rhg8+ 24. Kh1 Kf4 25. Rd3 Rad8 26. Kh2 Rxd3 27. cxd3 Kxf3 28. Re1 Kxf2 29. Re4 f5 30. Re5 Rg5 31. Kh3 Rh5# 0-1

[Event "CZE-ch Youth G10-G12-G14 2022"]
[Site "Luhacovice"]
[Date "2022.03.14"]
[Round "4.8"]
[White "Ramseier, Jana S."]
[Black "Jenikova Sabina"]
[Result "1-0"]
[ECO "C27"]
[WhiteElo "2090"]
[BlackElo "1076"]
[Annotator "ChessBase"]
[PlyCount "129"]
[EventDate "2022.03.12"]
[EventType "swiss"]
[EventCountry "CZE"]
[SourceTitle "playchess.com"]
[Source "ChessBase"]
[SourceQuality "1"]
[TimeControl "40/5400+30:1800+30"]

1. e4 e5 2. Nc3 Nf6 3. Bc4 Bc5 4. d3 Ng4 5. Nf3 Nxf2 6. Qe2 Nxh1 7. Be3 Bxe3 8. Qxe3 Qe7 9. O-O-O Nc6 10. Rxh1 d6 11. Bb5 Bd7 12. Nd5 Qe6 13. Nxc7+ Ke7 14. Nxe6 Bxe6 15. Bxc6 bxc6 16. Ng5 Bxa2 17. Rf1 Rhf8 18. Nxh7 Rh8 19. Ng5 Rxh2 20. Qg3 Rah8 21. Qe1 Rxg2 22. Nf3 Be6 23. Qa5 Rg6 24. Qxa7+ Bd7 25. Qf2 Rf6 26. Rg1 Rh3 27. Rg3 Rh1+ 28. Kd2 Rh4 29. Qg2 Rh8 30. Rxg7 Bh3 31. Qh2 Rxf3 32. Rg3 Rxg3 33. Qxg3 Be6 34. Qg7 Rh2+ 35. Kc1 Rh1+ 36. Kd2 Rh2+ 37. Kc3 Ba2 38. Qg3 Re2 39. Qg5+ Ke6 40. d4 exd4+ 41. Kxd4 Rd2+ 42. Qxd2 c5+ 43. Ke3 f6 44. Qa5 Bb1 45. Kd3 Ke5 46. Qd8 Ba2 47. b3 Bb1 48. Qe8+ Kf4 49. Qe7 c4+ 50. bxc4 Kg5 51. Qxd6 Ba2 52. e5 fxe5 53. Qxe5+ Kg4 54. Qe3 Bxc4+ 55. Kxc4 Kf5 56. Kd4 Kf6 57. Kd5 Kf7 58. Kd6 Kf8 59. Kd7 Kg7 60. Qf3 Kg6 61. Ke7 Kg5 62. Ke6 Kg6 63. Qg3+ Kh5 64. Kf6 Kh6 65. Qh3# 1-0

[Event "CZE-ch Youth G10-G12-G14 2022"]
[Site "Luhacovice"]
[Date "2022.03.14"]
[Round "4.9"]
[White "Melicharova Veronika"]
[Black "Tarielasvili Kira"]
[Result "1-0"]
[ECO "C36"]
[WhiteElo "1000"]
[BlackElo "1000"]
[Annotator "NA"]
[PlyCount "37"]
[EventDate "2022.03.12"]
[EventType "swiss"]
[EventCountry "CZE"]
[SourceTitle "playchess.com"]
[Source "ChessBase"]
[SourceQuality "1"]
[TimeControl "40/5400+30:1800+30"]

1. e4 e5 2. f4 exf4 3. Nf3 d5 4. exd5 Bg4 5. Nc3 Bc5 6. Be2 Qe7 7. d4 Bb4 8. O-O Nf6 9. Re1 Ne4 10. Bxf4 Nxc3 11. bxc3 Bxc3 12. Bb5+ c6 13. Rxe7+ Kxe7 14. dxc6 bxc6 15. Rb1 cxb5 16. Rxb5 Nc6 17. Qe2+ Kd7 18. Ne5+ Nxe5 19. Qxe5 1-0

[Event "CZE-ch Youth G10-G12-G14 2022"]
[Site "Luhacovice"]
[Date "2022.03.14"]
[Round "4.10"]
[White "Zadrapova Gabriela"]
[Black "Vlckova Linda"]
[Result "1-0"]
[ECO "C50"]
[WhiteElo "1000"]
[BlackElo "1000"]
[Annotator "NA"]
[PlyCount "57"]
[EventDate "2022.03.12"]
[EventType "swiss"]
[EventCountry "CZE"]
[SourceTitle "playchess.com"]
[Source "ChessBase"]
[SourceQuality "1"]
[TimeControl "40/5400+30:1800+30"]

1. e4 e5 2. Nf3 Nc6 3. Nc3 Nf6 4. Bc4 Bc5 5. O-O O-O 6. d3 d6 7. Bg5 Bg4 8. h3 Bd7 9. Nd5 Bd4 10. Nxf6+ Kh8 11. Nxd7 Qxd7 12. Nxd4 Nxd4 13. Qg4 Qxg4 14. hxg4 Nxc2 15. Rac1 Nb4 16. Rfd1 Nxa2 17. Bxa2 Rac8 18. Be7 Rfe8 19. Bg5 f6 20. Be3 b5 21. Bxa7 c6 22. Rc2 Rc7 23. Bb6 Rcc8 24. Rdc1 Ra8 25. Bf7 Re7 26. Rxc6 Rxf7 27. Rc8+ Rxc8 28. Rxc8+ Rf8 29. Rxf8# 1-0

[Event "CZE-ch Youth G10-G12-G14 2022"]
[Site "Luhacovice"]
[Date "2022.03.14"]
[Round "4.11"]
[White "Kubalova Nikol"]
[Black "Topencikova Ellen"]
[Result "0-1"]
[ECO "A46"]
[WhiteElo "1000"]
[BlackElo "1000"]
[Annotator "NA"]
[PlyCount "114"]
[EventDate "2022.03.12"]
[EventType "swiss"]
[EventCountry "CZE"]
[SourceTitle "playchess.com"]
[Source "ChessBase"]
[SourceQuality "1"]
[TimeControl "40/5400+30:1800+30"]

1. d4 c6 2. Bf4 Nf6 3. Nf3 d6 4. e3 Bf5 5. Bd3 Bxd3 6. Qxd3 e6 7. Qd1 Nh5 8. Bg3 Nxg3 9. fxg3 d5 10. Nbd2 Bd6 11. Qe2 O-O 12. O-O-O h6 13. g4 Bb4 14. g5 hxg5 15. Qf2 g4 16. Ng5 Bxd2+ 17. Rxd2 Qxg5 18. h3 g3 19. Qf3 Nd7 20. h4 Qg6 21. h5 Qg5 22. Rh3 Qh6 23. Rxg3 Nf6 24. Rf2 Ne4 25. Rf1 Nxg3 26. Qxg3 Qxh5 27. Rf3 Qh1+ 28. Kd2 Qb1 29. Kc3 Qxa2 30. Qg4 Qa5+ 31. Kd3 Qa6+ 32. Kd2 g6 33. Rh3 Rfd8 34. Qh4 Kf8 35. Qh6+ Ke8 36. Rf3 Qa5+ 37. c3 Kd7 38. Qg7 Rf8 39. e4 dxe4 40. Re3 Qa2 41. Rxe4 Qxb2+ 42. Kd3 Qb1+ 43. Kc4 b5+ 44. Kc5 Qxe4 45. Qe5 Qxe5+ 46. dxe5 f6 47. exf6 Rxf6 48. c4 Ke7 49. cxb5 Rf5+ 50. Kxc6 Rc8+ 51. Kb7 e5 52. Kxc8 e4 53. Kb8 e3 54. Kxa7 e2 55. b6 e1=Q 56. b7 Qa5+ 57. Kb8 Rf8# 0-1

[Event "CZE-ch Youth G10-G12-G14 2022"]
[Site "Luhacovice"]
[Date "2022.03.14"]
[Round "4.12"]
[White "Slivova, Linda"]
[Black "Buchtova, Viktorie"]
[Result "1/2-1/2"]
[ECO "D05"]
[WhiteElo "1298"]
[BlackElo "1464"]
[Annotator "NA"]
[PlyCount "42"]
[EventDate "2022.03.12"]
[EventType "swiss"]
[EventCountry "CZE"]
[SourceTitle "playchess.com"]
[Source "ChessBase"]
[SourceQuality "1"]
[TimeControl "40/5400+30:1800+30"]

1. d4 Nf6 2. e3 e6 3. Bd3 b6 4. Nf3 Bb7 5. Nbd2 d5 6. Ne5 c5 7. c3 Be7 8. O-O O-O 9. f4 Nbd7 10. Rf3 Ne4 11. Rh3 Ndf6 12. Qf3 a6 13. Ng4 b5 14. Nxf6+ Bxf6 15. Nxe4 dxe4 16. Bxe4 Bxe4 17. Qxe4 g6 18. b3 Qa5 19. Bb2 c4 20. Qc2 Rfc8 21. b4 Qb6 1/2-1/2

[Event "CZE-ch Youth G10-G12-G14 2022"]
[Site "Luhacovice"]
[Date "2022.03.14"]
[Round "4.13"]
[White "Stehlikova, Vanessa"]
[Black "Kozusnikova, Daniela"]
[Result "0-1"]
[ECO "C42"]
[WhiteElo "1039"]
[BlackElo "1364"]
[Annotator "NA"]
[PlyCount "98"]
[EventDate "2022.03.12"]
[EventType "swiss"]
[EventCountry "CZE"]
[SourceTitle "playchess.com"]
[Source "ChessBase"]
[SourceQuality "1"]
[TimeControl "40/5400+30:1800+30"]

1. e4 e5 2. Nf3 Nf6 3. Nc3 Bb4 4. d3 O-O 5. Be2 Nc6 6. O-O d6 7. Bd2 Be6 8. a3 Bc5 9. Be3 Bb6 10. Nd5 Nxd5 11. exd5 Bxd5 12. c4 Be6 13. d4 exd4 14. Nxd4 Nxd4 15. Bxd4 Qh4 16. Bxb6 axb6 17. b3 Rfe8 18. Bf3 Rab8 19. Re1 Qg5 20. Ra2 b5 21. cxb5 Qxb5 22. Be2 Qxb3 23. Qxb3 Bxb3 24. Raa1 Ba4 25. Rac1 Bc6 26. Rc3 Re5 27. f4 Re4 28. g3 Rbe8 29. Kf2 g6 30. Rcc1 Kg7 31. Bg4 Rxe1 32. Rxe1 Rxe1 33. Kxe1 f5 34. Bd1 Be4 35. Ke2 Kf6 36. Bb3 d5 37. Ke3 c5 38. a4 b6 39. Bd1 Ke6 40. h3 d4+ 41. Kf2 Kd5 42. Bb3+ c4 43. Bd1 Kc5 44. g4 Kb4 45. gxf5 Bxf5 46. h4 Kc3 47. Ke2 Bc2 48. Ke1 Bxd1 49. Kxd1 Kb2 0-1

[Event "CZE-ch Youth G10-G12-G14 2022"]
[Site "Luhacovice"]
[Date "2022.03.14"]
[Round "4.14"]
[White "Markina, Sofiia"]
[Black "Kubatova Ema"]
[Result "1-0"]
[ECO "B31"]
[WhiteElo "1367"]
[BlackElo "1183"]
[Annotator "NA"]
[PlyCount "77"]
[EventDate "2022.03.12"]
[EventType "swiss"]
[EventCountry "CZE"]
[SourceTitle "playchess.com"]
[Source "ChessBase"]
[SourceQuality "1"]
[TimeControl "40/5400+30:1800+30"]

1. e4 c5 2. Nf3 Nc6 3. Bb5 g6 4. O-O Bg7 5. c3 d6 6. d4 cxd4 7. cxd4 Bd7 8. Nc3 Nf6 9. Bf4 O-O 10. h3 a6 11. Ba4 b5 12. Bb3 Rc8 13. Rc1 Nh5 14. Bh2 Qb6 15. e5 dxe5 16. dxe5 Rfd8 17. Bxf7+ Kxf7 18. Nd5 Qb7 19. e6+ Bxe6 20. Ng5+ Kg8 21. Nxe6 Bxb2 22. Nxd8 Rxd8 23. Rxc6 Re8 24. Rc7 Qa8 25. Nxe7+ Kf8 26. Qd6 Qd8 27. Qe6 Rxe7 28. Rxe7 Qxe7 29. Bd6 Bf6 30. Bxe7+ Bxe7 31. Re1 Ng7 32. Qxe7+ Kg8 33. Qd8+ Ne8 34. Rxe8+ Kg7 35. Qe7+ Kh6 36. Qh4+ Kg7 37. Re7+ Kf8 38. Qf6+ Kg8 39. Qg7# 1-0

[Event "CZE-ch Youth G10-G12-G14 2022"]
[Site "Luhacovice"]
[Date "2022.03.14"]
[Round "4.15"]
[White "Sochorova Valentyna"]
[Black "Horkova, Tereza"]
[Result "0-1"]
[ECO "B45"]
[WhiteElo "1201"]
[BlackElo "1375"]
[Annotator "NA"]
[PlyCount "116"]
[EventDate "2022.03.12"]
[EventType "swiss"]
[EventCountry "CZE"]
[SourceTitle "playchess.com"]
[Source "ChessBase"]
[SourceQuality "1"]
[TimeControl "40/5400+30:1800+30"]

1. e4 c5 2. Nf3 e6 3. d4 cxd4 4. Nxd4 Nf6 5. Nc3 Nc6 6. Ndb5 Bb4 7. a3 Bxc3+ 8. Nxc3 d5 9. Bd3 O-O 10. O-O d4 11. Ne2 Qd6 12. Ng3 e5 13. f4 exf4 14. Bxf4 Qc5 15. Nf5 Bxf5 16. exf5 Ne5 17. Bg5 Neg4 18. Qf3 h6 19. Bxf6 Nxf6 20. Qf4 Rae8 21. Kh1 Nd5 22. Qh4 Re3 23. Rae1 Rfe8 24. Rxe3 Nxe3 25. Re1 Qc6 26. Re2 Kf8 27. Qxd4 Nxc2 28. Rxe8+ Kxe8 29. Qe4+ Qxe4 30. Bxe4 Nd4 31. Bxb7 Nxf5 32. b4 Kd7 33. b5 Kc7 34. Be4 Nd6 35. Bd3 Kb6 36. a4 Ka5 37. Bc2 Nc8 38. Bb3 f6 39. g3 Nb6 40. Kg2 Nxa4 41. Kf3 Nc5 42. Bc4 Kb4 43. Bf1 g6 44. Ke3 Ne6 45. Ke4 Kc5 46. h3 Nc7 47. g4 Nxb5 48. Be2 Nc3+ 49. Kd3 Nxe2 50. Kxe2 a5 51. Kd2 Kd4 52. Ke2 a4 53. Kd2 f5 54. gxf5 gxf5 55. h4 a3 56. Kc2 f4 57. Kb3 f3 58. Kxa3 f2 0-1